 Dungeon Crawl Stone Soup version 0.28.0-49-g6dfe1f597d (webtiles) character file.

Game seed: 8028990084607568624

28 joe1234567 the Sneak (level 3, 0/33 HPs)
             Began as a Deep Dwarf Delver on May 19, 2022.
             Slain by an adder (1 damage)
             ... on level 5 of the Dungeon.
             The game lasted 00:01:04 (137 turns).

joe1234567 the Sneak (Deep Dwarf Delver)             Turns: 137, Time: 00:01:05

Health: 0/33       AC:  8    Str: 17    XL:     3   Next: 0%
Magic:  3/3        EV:  7    Int: 10    God:
Gold:   0          SH:  0    Dex: 14    Spells: 2/2 levels left

rFire   . . .      SeeInvis .   a - +0 hand axe
rCold   . . .      Faith    .   (no shield)
rNeg    . . .      Spirit   .   h - +0 chain mail
rPois   .          Reflect  .   (no helmet)
rElec   .          Harm     .   (no cloak)
rCorr   .          Rampage  .   (no gloves)
Will    .....                   (no boots)
Stlth   ..........              (no amulet)
HPRegen 0.00/turn               (no ring)
MPRegen 0.08/turn               (no ring)

@: no status effects
A: damage resistance, heal wounds, sense surroundings 1, no regeneration
a: Heal Wounds


You were on level 5 of the Dungeon.
You visited 1 branch of the dungeon, and saw 1 of its levels.

Inventory:

Hand Weapons
 a - a +0 hand axe (weapon)
Armour
 b - a +0 leather armour
 h - a +0 chain mail (worn)
Wands
 g - a wand of digging (3)
Scrolls
 c - a scroll of fog
 d - a scroll of magic mapping
 e - a scroll of fear
Potions
 f - a potion of haste


   Skills:
 + Level 2.9 Fighting
 + Level 2.4 Axes
 + Level 0.1 Armour
 + Level 2.2 Dodging
 + Level 6.7 Stealth


You had 2 spell levels left.
You didn't know any spells.
Your spell library was empty.

Dungeon Overview and Level Annotations

Branches:
Dungeon (5/15)
 Temple: D:4-7

Altars:

Annotations:
D:5 Edmund, Sigmund


Innate Abilities, Weirdness & Mutations

You are resistant to damage.
You can heal yourself by infusing magical energy.
You passively map a small area around you.
You do not regenerate.


Message History

The puff of flame hits you.
Sigmund casts a spell.
Sigmund flickers and vanishes!
Deactivating autopickup; reactivate with Ctrl-A.
The adder bites you but does no damage.
Found 21 stones.
The adder bites you but does no damage.
Edmund the Younger comes into view.
He is wielding a +2 flail of protection.
Found a book of Decay.
Edmund shouts!
Edmund moves out of view.
The adder closely misses you.
Edmund says, "I'm quite good with sums, too."
Edmund hits you with a +2 flail of protection.
* * * LOW HITPOINT WARNING * * *
The adder barely misses you.
You see here 21 stones.
The adder bites you but does no damage.
You completely miss the adder. The adder bites you but does no damage.
The adder closely misses you. The adder bites you.
* * * LOW HITPOINT WARNING * * *
You are poisoned.
The adder poisons you!
A jelly comes into view.
You see here a book of Decay.
The jelly quivers.
The adder completely misses you. The adder barely misses you.
You are no longer poisoned.
The jelly jiggles.
The adder barely misses you.
Unknown command.
Unknown command.
Unknown command.
The adder barely misses you.
Edmund asks, "Have you met my wondrous brother?"
The adder barely misses you.
Sigmund gestures wildly while chanting.
Sigmund flickers and vanishes!
The adder bites you.
You die...

* #.##........##.#
.#
#.#.##....###.....#
* #........## ..##
######..## * .....
#..# * ..... #..##
...., ###...# *#J.
#..(.#.###.# *
#.#.###..@# , ,
#.#.####S## * #
#.{...@# * ,
,#####{.# * , ,
#....., , * *
##.##..# #.#* .# ,
#.# , # *, * ..# *


You could see Edmund, a jelly and an adder.

Vanquished Creatures
  A bullfrog skeleton (D:5)
1 creature vanquished.

Notes
Turn   | Place    | Note
-------+----------+-------------------------------------------
     0 | D:5      | joe1234567 the Deep Dwarf Delver began the quest for the
                  | Orb.
     0 | D:5      | Reached XP level 1. HP: 20/20 MP: 1/1
    59 | D:5      | Reached XP level 2. HP: 14/27 MP: 2/2
    59 | D:5      | Reached XP level 3. HP: 18/33 MP: 3/3
    65 | D:5      | Noticed Sigmund
   119 | D:5      | Noticed Edmund
   129 | D:5      | HP: 1/33 [adder (3)]
   137 | D:5      | Slain by an adder

Illustrated notes

Levels and vault maps discovered:
D:5:      layout_loops_ring, uniq_edmund, uniq_sigmund

Action                   || total
-------------------------++-------
Melee: Hand axe          ||    11
       Punch             ||     1
Armor: Chain mail        ||    14
Dodge: Dodged            ||    12
